AoeStats
← Prixx

Arabia

510718270Analyzed
1v1 RM · 14h ago on Oct 2, 2026· 58m 55s· 2 players
Game mode
Random Map
Map size
Tiny (2 player)
Population
200
Speed
Normal
Resources
Standard
Victory
Conquest
Starting age
Dark Age
Ending age
Imperial Age
RankedLock teamsTeams togetherTeam positionsShared explorationLock speedFull tech treeHidden civsTurbo modeCheats
Victory
Defeat
🇩🇪 Malay · Germany
1142
+16
🇦🇷 Persians · Argentina
1146
-16
Prixx
4:36 Loom
14:08 Feudal Age
17:52 Castle Age
17:28 Forging
17:38 Double-Bit Axe
19:09 Scale Barding Armor
21:43 Iron Casting
23:47 Bow Saw
27:40 Wheelbarrow
26:36 Crossbowman
27:27 Fletching
27:38 Horse Collar
30:28 Bodkin Arrow
31:24 Padded Archer Armor
32:32 Heavy Plow
32:24 Gold Mining
33:32 Leather Archer Armor
35:45 Thumb Ring
36:07 Ballistics
38:28 Imperial Age
36:45 Gold Shaft Mining
36:04 Stone Mining
38:18 Arbalester
39:39 Hand Cart
40:12 Crop Rotation
40:20 Stone Shaft Mining
41:16 Bracer
41:46 Ring Archer Armor
44:30 Chemistry
49:47 Murder Holes
53:10 Pikeman
55:14 Blast Furnace
53:52 Halberdier
57:04 Conscription
Robin
8:39 Loom
10:25 Feudal Age
11:25 Double-Bit Axe
11:22 Horse Collar
20:12 Castle Age
18:25 Gold Mining
19:23 Bloodlines
19:24 Scale Barding Armor
19:54 Forging
20:10 Scale Mail Armor
20:06 Pikeman
20:42 Pikeman
21:27 Squires
24:09 Stone Mining
25:46 Bow Saw
26:07 Heavy Plow
27:22 Husbandry
28:41 Wheelbarrow
30:43 Forging
32:30 Chain Barding Armor
33:03 Hand Cart
45:16 Imperial Age
42:45 Arson
44:56 Iron Casting
45:08 Cavalier
46:49 Plate Barding Armor
47:15 Savar
47:22 Savar
51:25 Elite Skirmisher
58:30 Padded Archer Armor
59:13 Fletching
59:39 Leather Archer Armor
60:26 Blast Furnace
Connection lost

Rejoining the realm…

Still unreachable

The connection could not be restored.

Session expired

The server has moved on; the page needs a fresh start.